 Dungeon Crawl Stone Soup version 0.26.1 (webtiles) character file.

Game seed: 111386215997376411

114 Gadfly the Cudgeller (level 4, -1/66 HPs)
             Began as an Ogre Gladiator on Feb 7, 2021.
             Slain by an orc
             ... wielding a +0 trident
              (2 damage)
             ... on level 3 of the Dungeon.
             The game lasted 00:03:27 (2009 turns).

Gadfly the Cudgeller (Ogre Gladiator)               Turns: 2009, Time: 00:03:28

Health: -1/66      AC: 22    Str: 25    XL:     4   Next: 98%
Magic:  5/5        EV:  1    Int:  9    God:
Gold:   57         SH:  0    Dex: 10    Spells: 3/3 levels left

rFire    . . .     SeeInvis .   b - +2 hand axe (elec)
rCold    . . .     Faith    .   (no shield)
rNeg     + + +     Spirit   .   (armour currently unavailable)
rPois    +         Reflect  .   (helmet currently unavailable)
rElec    .         Harm     .   (cloak currently unavailable)
rCorr    .         Rampage  .   (gloves unavailable)
Will     .....     NoTele   +   (boots unavailable)
Stlth    +.........             (no amulet)
HPRegen  0.21/turn              n - +6 ring of strength
MPRegen  0.09/turn              (no ring)

@: tree-form, hasted, very quick
A: large, unfitting armour, mutation resistance 1, MP-powered wands
a: no special abilities


You were on level 3 of the Dungeon.
You were a tree.
You visited 1 branch of the dungeon, and saw 3 of its levels.

You collected 57 gold pieces.

Inventory:

Hand Weapons
 a - a +2 flail of holy wrath
 b - a +2 hand axe of electrocution (weapon)
Missiles
 d - 3 throwing nets
 e - 71 stones (quivered)
Armour
 c - a +0 hat (melded)
 k - a +0 cloak (melded)
 l - a +0 robe (melded)
Jewellery
 n - a +6 ring of strength (left branch)
Wands
 i - a wand of acid (6)
Scrolls
 h - a scroll of teleportation
 m - a scroll of remove curse
Potions
 j - a potion of resistance


   Skills:
 - Level 2.6 Fighting
 + Level 3.0 Maces & Flails
 + Level 2.4 Throwing
 * Level 1.6 Armour
 - Level 2.6 Dodging
 * Level 2.1 Invocations
 * Level 1.6 Evocations


You had 3 spell levels left.
You didn't know any spells.
Your spell library was empty.

Dungeon Overview and Level Annotations

Branches:
Dungeon (3/15)

Altars:
Wu Jian
The Shining One


Innate Abilities, Weirdness & Mutations

You are too large for most types of armour.
((You have tough skin. (AC +1)))
((You have sharp toenails.))
You are somewhat resistant to further mutation.
You expend magic power (3 MP) to strengthen your wands.


Message History

You hit the orc. x2; Lightning courses through the orc!!
You kill the orc!
The orc priest completely misses you.
You barely miss the orc priest.
The orc priest is severely wounded.
You closely miss the orc. The orc hits you but does no damage. x2
The orc priest hits you but does no damage.
You hit the orc priest.
Lightning courses through the orc priest!
You kill the orc priest!
You completely miss the orc. The orc hits you but does no damage.
The orc hits you from afar with a +0 trident.
* * * LOW HITPOINT WARNING * * *
You cannot move.
Unknown command.
Okay, then.
You closely miss the orc.
The orc is moderately wounded.
The orc hits you from afar with a +0 trident.
You die...

#.........#
#.........#
#.........#
#.........#
#.........# .
#.........# .(
#....o....#..?
#...)o<.......
#....♣).......
####..........
#..........
#.......#.....
#.......+.....
#.......# ....
#.......# ....
#.......# ...
#.......#


You could see 2 orcs.

Vanquished Creatures
  An orc priest (D:3)
  Jessica (D:2)
  Terence (D:2)
  An ooze (D:1)
  2 dart slugs
  2 orcs (D:3)
  A ball python (D:1)
  2 giant cockroaches (D:2)
  2 goblins (D:1)
  3 hobgoblins
  5 bats
  3 frilled lizards
  5 rats
29 creatures vanquished.

Notes
Turn   | Place    | Note
-------+----------+-------------------------------------------
     0 | D:1      | Gadfly the Ogre Gladiator began the quest for the Orb.
     0 | D:1      | Reached XP level 1. HP: 22/22 MP: 1/1
   403 | D:1      | Reached XP level 2. HP: 25/29 MP: 2/2
   536 | D:1      | Reached skill level 1 in Invocations
  1197 | D:2      | Found a glowing golden altar of the Shining One.
  1247 | D:2      | Reached XP level 3. HP: 32/36 MP: 3/3
  1367 | D:2      | Gained mutation: You expend magic power (3 MP) to
                  | strengthen your wands. [potion of mutation]
  1367 | D:2      | Gained mutation: You have sharp toenails. [potion of
                  | mutation]
  1367 | D:2      | Gained mutation: You are somewhat resistant to further
                  | mutation. [potion of mutation]
  1380 | D:2      | Noticed Terence
  1387 | D:2      | Killed Terence
  1388 | D:2      | Reached skill level 1 in Armour
  1388 | D:2      | Reached skill level 1 in Evocations
  1581 | D:2      | Noticed Jessica
  1586 | D:2      | Killed Jessica
  1587 | D:2      | Reached skill level 3 in Maces & Flails
  1587 | D:2      | Reached XP level 4. HP: 39/44 MP: 5/5
  1847 | D:2      | Found an ornate altar of the Wu Jian Council.
  2004 | D:3      | HP: 1/44 [orc/+0 morningstar (3)]
  2009 | D:3      | Slain by an orc

Illustrated notes

Levels and vault maps discovered:
D:1:      dpeg_arrival_stone_temple_mockup, layout_basic,
          chequers_serial_rivers_micro_d, palyth_stone_intersect
D:2:      layout_loops_ring, nicolae_tso_swordbearing_angel,
          nicolae_overflow_crystal_walls, uniq_jessica, uniq_terence
D:3:      layout_basic, elyvilon_altar_4, nzn_hepliaklqana_mist_gate,
          gup_sewer_entry_bowl

Skill      XL: |  1  2  3  4 |
---------------+-------------+-----
Invocations    | 1 2 |  2.1
Armour         | 1 |  1.6
Evocations     | 1 |  1.6
Maces & Flails | 3 |  3.0
Fighting       | |  2.6
Throwing       | |  2.4
Dodging        | |  2.6

Action                   |  1- 3 |  4- 6 || total
-------------------------+-------+-------++-------
Melee: Flail             |    79 |     1 ||    80
       Hand axe          |       |    11 ||    11
       Kick              |       |     1 ||     1
Throw: Stone             |     1 |       ||     1
  Use: Scroll            |     7 |       ||     7
       Potion            |     2 |     3 ||     5
 Stab: Sleeping          |     1 |       ||     1
Armor: Robe              |    31 |     2 ||    33
       Skin              |       |     5 ||     5
Dodge: Dodged            |    47 |     7 ||    54
